 Dungeon Crawl Stone Soup version 0.27-a0-1193-g8631133539 (webtiles) character file.

Game seed: 17251215939628896512

67 gruber the Magician (level 4, -3/31 HPs)
             Began as a Djinni Hedge Wizard on May 26, 2021.
             Slain by an orc
             ... wielding a +0 war axe
              (10 damage)
             ... on level 3 of the Dungeon.
             The game lasted 00:02:45 (3241 turns).

gruber the Magician (Djinni Hedge Wizard)           Turns: 3241, Time: 00:02:45

Health: -3/31      AC:  2    Str:  9    XL:     4   Next: 40%
Gold:   133        EV: 12    Int: 16    God:
                   SH:  0    Dex: 13

rFire    + + .     SeeInvis .   h - +2 hand axe (freeze)
rCold    x . .     Faith    .   (no shield)
rNeg     . . .     Spirit   .   b - +0 robe
rPois    ∞         Reflect  .   c - +0 hat
rElec    .         Harm     .   (no cloak)
rCorr    .         Rampage  .   (no gloves)
Will     .....                  (boots unavailable)
Stlth    ++........             e - amulet of the acrobat
HPRegen  0.10/turn              (no ring)
MPRegen  0.00/turn              (no ring)

@: flying
A: sickness immunity, fire resistance 2, cold vulnerability 1, float, innate
caster, hp casting, extra vitality 1
a: no special abilities


You were on level 3 of the Dungeon.
You visited 1 branch of the dungeon, and saw 3 of its levels.

You collected 133 gold pieces.

Inventory:

Hand Weapons
 a - a +0 dagger
 h - a +2 hand axe of freezing (weapon)
Missiles
 j - 55 stones
Armour
 b - a +0 robe (worn)
 c - a +0 hat (worn)
Jewellery
 e - an amulet of the acrobat (around neck)
Scrolls
 f - 3 scrolls of identify {unknown}
 g - 2 scrolls of fear {unknown}
 i - 6 scrolls of teleportation {unknown}
Potions
 d - a potion of haste {unknown}


   Skills:
 - Level 2.1 Dodging
 - Level 1.5 Stealth
 * Level 3.8 Spellcasting


You couldn't memorise any spells.
You knew the following spells:

 Your Spells              Type           Power      Damage    Failure   Level
a - Magic Dart            Conj           60%        1d6       3%          1
b - Blink                 Tloc           N/A        N/A       5%          2
c - Call Imp              Summ           15%        N/A       5%          2
d - Slow                  Hex            15%        N/A       5%          2
e - Conjure Flame         Conj/Fire      15%        6-21      11%         3
f - Mephitic Cloud        Conj/Pois/Air  15%        N/A       11%         3
g - Sandblast             Erth           30%        2d9       3%          1
Your spell library was empty.

Dungeon Overview and Level Annotations

Branches:
Dungeon (3/15)

Altars:


Innate Abilities, Weirdness & Mutations

You are immune to sickness and miasma.
You are immune to poison.
Your flesh is very heat resistant. (rF++)
You are vulnerable to cold. (rC-)
You float through the air rather than walking.
You learn spells naturally, not from books.
Your magical power is your life essence.
You have superior vitality. (+4 HP)


Message History

Aim: an orc, wielding a +0 war axe and wearing a +0 chain mail (heavily wounded, 100% to hit)
The magic dart hits the orc.
The orc is heavily wounded.
The orc hits you but does no damage.
Casting: Magic Dart (safe; 3% risk of failure)
Confirm with . or Enter, or press ? or * to list all spells.
Aiming: Magic Dart (safe; 3% risk of failure)
Press: ? - help, Shift-Dir - straight line, f/p - orc
Aim: an orc, wielding a +0 war axe and wearing a +0 chain mail (heavily wounded, 100% to hit)
The magic dart hits the orc.
The orc is almost dead.
The orc misses you.
Casting: Magic Dart (safe; 3% risk of failure)
Confirm with . or Enter, or press ? or * to list all spells.
Aiming: Magic Dart (safe; 3% risk of failure)
Press: ? - help, Shift-Dir - straight line, f/p - orc
Aim: an orc, wielding a +0 war axe and wearing a +0 chain mail (heavily wounded, 100% to hit)
The magic dart hits the orc.
You kill the orc!
* * * LOW HITPOINT WARNING * * *
Sorry, you're not good enough to have a special ability.
Casting: Magic Dart (safe; 3% risk of failure)
Confirm with . or Enter, or press ? or * to list all spells.
Aiming: Magic Dart (safe; 3% risk of failure)
Press: ? - help, Shift-Dir - straight line, f/p - orc
Aim: an orc, wielding a +0 war axe and wearing a +0 chain mail (moderately wounded, 100% to hit)
The magic dart hits the orc but does no damage.
The orc is moderately wounded.
* * * LOW HITPOINT WARNING * * *
The orc closely misses you.
Casting: Magic Dart (safe; 3% risk of failure)
Confirm with . or Enter, or press ? or * to list all spells.
Aiming: Magic Dart (safe; 3% risk of failure)
Press: ? - help, Shift-Dir - straight line, f/p - orc
Aim: an orc, wielding a +0 war axe and wearing a +0 chain mail (moderately wounded, 100% to hit)
The magic dart hits the orc.
The orc is heavily wounded.
* * * LOW HITPOINT WARNING * * *
The orc hits you with a +0 war axe!
You die...

########### #.........#
....... #####.........#
....... #.@o..........# .
....... #.##..........##...
.......###+##..........'...)
.......#...............##...
.......#..........>....# .
.....†.................#
#.......†...........#
#†...##.###.........#
#....##.# #.........#


You could see an orc.

Vanquished Creatures
  An adder (D:2)
  A worm (D:1)
  2 orcs (D:3)
  A bat (D:1)
  3 endoplasms (D:1)
  2 giant cockroaches (D:3)
  4 goblins
  5 hobgoblins
  4 jackals (D:2)
  3 quokkas
  11 ball pythons
  3 frilled lizards (D:2)
  5 kobolds
  5 rats
50 creatures vanquished.

Notes
Turn   | Place    | Note
-------+----------+-------------------------------------------
     0 | D:1      | gruber the Djinni Hedge Wizard began the quest for the Orb.
     0 | D:1      | Reached XP level 1. HP: 15/15 MP: 0/0
   407 | D:1      | Reached XP level 2. HP: 14/21 MP: 0/0
   872 | D:1      | Found a faded altar of an unknown god.
   965 | D:1      | Reached skill level 3 in Spellcasting
  1204 | D:2      | Reached XP level 3. HP: 25/25 MP: 0/0
  1204 | D:2      | Learned a level 1 spell: Sandblast
  2353 | D:2      | Reached XP level 4. HP: 31/31 MP: 0/0
  3241 | D:3      | Slain by an orc

Illustrated notes

Levels and vault maps discovered:
D:1:      dpeg_arrival_brainrot, layout_basic,
          shapermc_ecumenical_altar_starsandcircs
D:2:      kennysheep_big_flooded_room, layout_basic, minmay_misc_feat_doors,
          columned_hall_lemuel, st_stairs_3, kennysheep_generic_room_2
D:3:      layout_basic

Skill      XL: |  1  2 |
---------------+-------+-----
Spellcasting   | 3 |  3.8
Dodging        | |  2.1
Stealth        | |  1.5

Action                   |  1- 3 |  4- 6 || total
-------------------------+-------+-------++-------
Melee: Hand axe          |    44 |    13 ||    57
 Cast: Magic Dart        |    40 |    34 ||    74
 Stab: Sleeping          |     3 |       ||     3
Armor: Robe              |     6 |     8 ||    14
Dodge: Dodged            |    33 |    34 ||    67

Table legend: (Time is in decaauts)
 A = Elapsed time spent in this place.
 B = Non-inter-level travel time spent in this place.
 C = Inter-level travel time spent in this place.
 D = Time resting spent in this place.
 E = Time spent auto-exploring this place.
 F = Levels seen in this place.
 G = Mean time per level.
                   A        B        C        D        E       F      G
               +--------+--------+--------+--------+--------+-----+--------+
         Total |   3260 |   3067 |    193 |    273 |   2492 |   3 | 1086.7 |
       Dungeon |   3260 |   3067 |    193 |    273 |   2492 |   3 | 1086.7 |
               +--------+--------+--------+--------+--------+-----+--------+

Top non-repeatable levels by time:
     D:2: 1832 daAuts
     D:1: 1242 daAuts
     D:3: 186 daAuts
